 Dungeon Crawl Stone Soup version 0.17-a0-1450-g7e755d1 (webtiles) character file.

74 Chiseanne the Ducker (level 4, -4/35 HPs)
             Began as a Demonspawn Wanderer on June 30, 2015.
             Splashed by a jelly's acid (8 damage)
             ... on level 3 of the Dungeon.
             The game lasted 00:04:23 (1990 turns).

Chiseanne the Ducker (Demonspawn Wanderer)          Turns: 1990, Time: 00:04:23

Health: -4/35      AC: -5    Str: 14    XL:     4   Next: 9%
Magic:  4/4        EV: 11    Int: 11    God:
Gold:   103        SH:  0    Dex: 14    Spells: 0 memorised, 3 levels left

rFire  . . .     SeeInvis .     c - +0 quarterstaff
rCold  . . .     Clarity  .     n - +0 scale mail
rNeg   . . .     SustAt   .     (no shield)
rPois  .         Gourm    .     (no helmet)
rElec  .         Spirit   .     (no cloak)
rCorr  .         Warding  .     (no gloves)
rMut   .         Stasis   .     (no boots)
MR     .....                    (no amulet)
Stlth  ..........               (no ring)
                                f - ring of flight

@: corroded equipment, not resistant to hostile enchantments, extremely
unstealthy
A: claws 1, talons 2
a: Evoke Flight


You were on level 3 of the Dungeon.
You were hungry.

You visited 1 branch of the dungeon, and saw 3 of its levels.

You collected 103 gold pieces.

Inventory:

Hand weapons
 c - a +0 quarterstaff (weapon)
Missiles
 e - 25 bolts
 j - 16 arrows of flame
 m - 31 sling bullets
Armour
 n - a +0 scale mail (worn)
Jewellery
 f - a ring of flight (left claw)
Scrolls
 a - a scroll of blinking
 b - 3 scrolls of teleportation
 i - a scroll of remove curse
Potions
 k - a potion of haste {unknown}
 l - a potion of curing {unknown}
 o - a potion of agility {unknown}
Comestibles
 d - a bread ration
 g - a beef jerky


   Skills:
 + Level 3.2 Fighting
   Level 1.0 Short Blades
 - Level 1.0 Staves
 + Level 0.8 Armour
 + Level 4.3 Dodging
 - Level 1.0 Stealth
 - Level 1.0 Evocations


You had 3 spell levels left.
You didn't know any spells.

Dungeon Overview and Level Annotations

Branches:
Dungeon (3/15)

Altars:


Innate Abilities, Weirdness & Mutations

You have sharp fingernails.
You have razor-sharp toenails.


Message History

You hit the jelly. The acid corrodes you!
Your claws burn!
You claw the jelly.
The jelly is severely wounded.
The jelly closely misses you. The rat bites you but does no damage.
You hit the jelly.
Your claws burn!
The jelly is almost dead.
The jelly closely misses you. The rat barely misses you. The jelly misses you.
You hit the jelly but do no damage. The acid corrodes you!
Your claws burn!
The jelly is almost dead.
The rat bites you. The jelly hits you.
You are splashed with acid!
The acid corrodes you!
The acid burns!
* * * LOW HITPOINT WARNING * * *
The rat bites you.
* * * LOW HITPOINT WARNING * * *
You hit the jelly.
Your claws burn!
* * * LOW HITPOINT WARNING * * *
The jelly is almost dead.
The jelly hits you.
* * * LOW HITPOINT WARNING * * *
You are splashed with acid!
The acid burns!
You die...

#. #. #.
#.# ##..
####...
......r###
#....J@.#
#>###.#)#
#..#<#
...##.#
.### #..
.$ #### .


You could see a jelly and a rat.

Vanquished Creatures
  2 adders (D:2)
  An ooze (D:1)
  A worm (D:2)
  2 giant geckos (D:2)
  A giant cockroach (D:2)
  6 hobgoblins
  3 jackals (D:1)
  4 kobolds
  5 bats
  5 giant newts
  8 goblins
  11 rats
49 creatures vanquished.

Notes
Turn   | Place    | Note
--------------------------------------------------------------
     0 | D:1      | Chiseanne the Demonspawn Wanderer began the quest for the Orb.
     0 | D:1      | Chiseanne set off with: a +2 leather armour, a scroll of teleportation, a +0 quarterstaff, a bread ration
     0 | D:1      | Reached XP level 1. HP: 16/16 MP: 1/1
    91 | D:1      | Gained mutation: You have sharp toenails. [demonic ancestry]
    91 | D:1      | Reached XP level 2. HP: 20/23 MP: 2/2
   441 | D:1      | Reached skill level 4 in Dodging
   996 | D:2      | Gained mutation: You have razor-sharp toenails. [demonic ancestry]
   996 | D:2      | Reached XP level 3. HP: 25/28 MP: 3/3
  1655 | D:2      | Gained mutation: You have sharp fingernails. [demonic ancestry]
  1655 | D:2      | Reached XP level 4. HP: 15/35 MP: 4/4
  1990 | D:3      | Splashed by a jelly's acid

Vault maps used:
D:1:      mrwooster_arrival_statue_3

Action                   |  1- 3 |  4- 6 || total
-------------------------+-------+-------++-------
Melee: Quarterstaff      |   132 |    20 ||   152
  Use: Scroll            |     3 |       ||     3
  Eat: Chunk             |     2 |     1 ||     3
